 Dungeon Sprint DCSS version 0.30-a0-808-g6e0788376e (webtiles) character file.

Game seed: 10617918404972370391

10 Darkkill the Charlatan (level 2, -13/17 HPs)
             Began as a Gargoyle Artificer on Feb 26, 2023.
             Was an Initiate of Gozag.
             Mangled by an earth elemental (17 damage)
             ... in the Dungeon (Sprint V: "Ziggurat Sprint").
             The game lasted 00:00:59 (102 turns).

Darkkill the Charlatan (Gargoyle Artificer)          Turns: 102, Time: 00:01:00

Health: -13/17     AC: 29    Str: 21    XL:     2   Next: 20%
Magic:  2/2        EV:  6    Int: 11    God:    Gozag
Gold:   90         SH:  0    Dex: 16    Spells: 1/1 levels left

rFire   . . .      SeeInvis +    a - +27 heavy crossbow "Sniper" {heavy, Acc+∞ SInv}
rCold   . . .      Faith    .    (shield currently unavailable)
rNeg    + . .      Spirit   .    H - +15 Maxwell's patent armour {-Cast -Tele rElec Will+ rCorr}
rPois   ∞          Reflect  .    (no helmet)
rElec   +          Harm     .    (no cloak)
rCorr   +          Rampage  .    (no gloves)
Will    +....      NoTele   +    (no boots) Stlth NoCast +
                                 (no amulet)
HPRegen 0.22/turn                x - +6 ring of dexterity
MPRegen 0.08/turn                C - +6 ring of strength

@: gold aura
A: sickness immunity, AC +2, negative energy resistance 1, electricity
resistance, torment resistance 1, petrification resistance
a: Renounce Religion, Potion Petition, Call Merchant, Bribe Branch


You were in the Dungeon.
You worshipped Gozag.
Gozag was noncommittal.
You visited 1 branch You collected 90 gold pieces.

Inventory:

Hand Weapons
 a - the +27 heavy crossbow "Sniper" (weapon) {heavy, Acc+∞ SInv}
   (You found it in the Dungeon)

   Acc+∞: It never misses its target.
   SInv:      It lets you see invisible.
 b - the +10 dark maul {heavy}
   (You found it in the Dungeon)
Armour
 H - the +15 Maxwell's patent armour (worn) {-Cast -Tele rElec Will+ rCorr}
   (You found it in the Dungeon)

   rElec:     It insulates you from electricity.
   -Cast:     It prevents spellcasting.
   -Tele:     It prevents most forms of teleportation.
   rCorr:     It protects you from acid and corrosion.
   Will:      It increases your willpower.
Jewellery
 x - a +6 ring of dexterity (left hand)
 C - a +6 ring of strength (right hand)
Wands
 c - a wand of flame (15)
 d - a wand of charming (15)
 e - a wand of iceblast (5)
 u - a wand of mindburst (7)
 v - a wand of acid (7)
Scrolls
 k - 4 scrolls of blinking
 q - 4 scrolls of amnesia
 r - 7 scrolls of fog
 s - 5 scrolls of identify {@r1}
 t - 2 scrolls of fear
Potions
 f - 10 potions of curing {@q1}
 g - 9 potions of heal wounds
 h - 6 potions of haste
 i - 7 potions of magic
 j - 3 potions of berserk rage
 l - 2 potions of brilliance
 m - 2 potions of invisibility
 n - 4 potions of resistance
 o - a potion of experience
 p - 5 potions of might
Miscellaneous
 D - a lightning rod (4/4)


   Skills:
 + Level 2.2 Fighting
 + Level 3.0 Armour
 + Level 1.6 Dodging
 + Level 2.4 Stealth
 + Level 3.2 Evocations


You had one spell level left.
You didn't know any spells.
Your spell library contained the following spells:

 Spells                   Type           Power      Damage    Failure   Level
 Hailstorm                Conj/Ice       0%         3d3       100%        3
 Kindle Blastsparks       Fire/Tloc/Air  0%         2d10      100%        3
 Teleport Other           Tloc           0%         N/A       100%        3
 Summon Ice Beast         Ice/Summ       0%         N/A       100%        4


Dungeon Overview and Level Annotations

Branches:
Dungeon (1/1)

Altars:
Ashenzari
Cheibriados
Dithmenos
Elyvilon
Fedhas
Gozag
Hepliaklqana
Kikubaaqudgha
Makhleb
Nemelex Xobeh
Okawaru
Qazlal
Ru
Sif Muna
Trog
Uskayaw
Vehumet
Wu Jian
Xom
Yredelemnul
Zin
The Shining One
Jiyva
Lugonu

Annotations:
D 1 transporter


Innate Abilities, Weirdness & Mutations

You are immune to sickness and miasma.
Your stone body is resilient. (AC +2)
You are immune to poison.
You resist negative energy. (rN+)
You are resistant to electric shocks. (rElec)
You are resistant to unholy torment.
You are immune to petrification.


Message History

J - the +16 obsidian axe {drain, demonic, Mesm Drain Fly SInv} You drop the +6 Majin-Bo {spellvamp, MP+6 Int+6}.
You drop the +16 obsidian axe {drain, demonic, Mesm Drain Fly SInv}.
You are now empty-handed.
You drop a +0 club.
You drop a ring of flight.
You drop a +6 ring of dexterity.
You drop a +6 ring of intelligence. x2
You drop a +6 ring of strength.
You drop the +18 shield of the Gong {Loud rN+ Will+ rCorr EV-5}.
You start removing your armour.
You continue taking off your +0 leather armour. x4
You finish taking off your +0 leather armour.
You drop a +0 leather armour.
You start putting on your armour.
You continue putting on the +15 Maxwell's patent armour {-Cast -Tele rElec Will+ rCorr}. x4
You finish putting on the +15 Maxwell's patent armour {-Cast -Tele rElec Will+ rCorr}.
Adjust to which letter? (? for menu, Esc to quit)
a - the +27 heavy crossbow "Sniper" {heavy, Acc+∞ SInv} Adjust to which letter? (? for menu, Esc to quit)
b - the +10 dark maul {heavy} You feel agile.
x - a +6 ring of dexterity (left hand)
You feel stronger.
C - a +6 ring of strength (right hand)
There is an opulent altar of Gozag here.
You kneel at the altar of Gozag.
Gozag welcomes you!
Gozag waives the service fee.
a - the +27 heavy crossbow "Sniper" (weapon)
{heavy, Acc+∞ SInv}
There is a transporter here.
Welcome to arena 1.
You enter the transporter and appear at another place.
An adder zombie and a white imp come into view.
The white imp shouts!
The white imp shouts, "Take thy face hence, thou surly fen-sucked bloater!"
The white imp gestures at you.
The puff of frost hits you but does no damage.
Found Sif Muna's Elucidation of Portals and the Crevasse and a staff of poison.
Found a transporter.
Fire: a) +27 heavy crossbow "Sniper" {heavy, Acc+∞ SInv}
Press: ? - help, Q - select action, (/) - cycle Shift-Dir - straight line, f - adder zombie
Aim: an adder zombie (100% to hit)
You shoot a bolt. The bolt hits the adder zombie!
You destroy the adder zombie!
The white imp laughs crazily.
The white imp gestures at you. The puff of frost misses you.
The white imp gestures at you. The puff of frost hits you.
Your Dodging skill increases to level 1!
Fire: a) +27 heavy crossbow "Sniper" {heavy, Acc+∞ SInv}
Press: ? - help, Q - select action, (/) - cycle Shift-Dir - straight line, f - white imp
Aim: a white imp (100% to hit)
You shoot a bolt. The bolt hits the white imp!!!
You kill the white imp!
Your Fighting skill increases to level 2!
Your Armour skill increases to level 3!
Your Stealth skill increases to level 2!
Your Evocations skill increases to level 3!
You have reached level 2!
You now have 54 gold pieces.
You now have 90 gold pieces (gained 36).
You pick up Sif Muna's Elucidation of Portals and the Crevasse and begin reading...
You add the spells Hailstorm, Kindle Blastsparks, Teleport Other and Summon Ice Beast to your library.
You start resting.
HP restored.
There is a transporter here.
Welcome to arena 2.
You enter the transporter and appear at another place.
A fire elemental, a deep elf zephyrmancer and an earth elemental come into view.
The deep elf zephyrmancer shouts!
Found three items.
Found a transporter.
Fire: a) +27 heavy crossbow "Sniper" {heavy, Acc+∞ SInv}
Press: ? - help, Q - select action, (/) - cycle Shift-Dir - straight line, f - fire elemental
Aim: a fire elemental (100% to hit)
You shoot a bolt. The bolt hits the fire elemental.
The fire elemental is lightly damaged.
The fire elemental barely misses you. The fire elemental hits you.
The fire elemental burns you!
Ouch! That really hurt!
* * * LOW HITPOINT WARNING * * *
The fire elemental hits you.
The deep elf zephyrmancer hits you but does no damage.
Unknown command.
You feel much better. The fire elemental hits you.
The fire elemental burns you!
Ouch! That really hurt!
The deep elf zephyrmancer hits you but does no damage.
Fire: a) +27 heavy crossbow "Sniper" {heavy, Acc+∞ SInv}
Press: ? - help, Q - select action, (/) - cycle Shift-Dir - straight line, f/p - fire elemental
Aim: a fire elemental (lightly damaged, 100% to hit)
You shoot a bolt. The bolt hits the fire elemental!!!
You destroy the fire elemental!
The deep elf zephyrmancer hits you but does no damage.
The deep elf zephyrmancer hits you with a +0 short sword.
* * * LOW HITPOINT WARNING * * *
The earth elemental hits you!
Ouch! That really hurt!
You die...
Your body crumbles into a pile of gold.

▓▓▓▓▓▓▓▓▓▓▓▓▓
▓.8©8.▓.8©8.▓
▓.)}=.▓.....▓
▓.....▓.|...▓
▓.....▓.....▓
▓.....▓.....▓
▓.e$E.▓..©..▓
▓..@..▓▓▓▓▓▓▓
▓▓▓▓▓▓▓


You could see an earth elemental and a deep elf zephyrmancer.

Vanquished Creatures
  A fire elemental (D)
  A white imp (D)
  An adder zombie (D)
3 creatures vanquished.

Notes
Turn   | Place    | Note
-------+----------+-------------------------------------------
     0 | D        | Darkkill the Gargoyle Artificer began the quest for the
                  | Orb.
     0 | D        | Reached XP level 1. HP: 12/12 MP: 1/1
     0 | D        | Found a shimmering blue altar of Sif Muna.
     0 | D        | Found a bloodstained altar of Trog.
     0 | D        | Found a sacrificial altar of Ru.
     0 | D        | Found a stormy altar of Qazlal.
     0 | D        | Found an iron altar of Okawaru.
     1 | D        | Found a sparkling altar of Nemelex Xobeh.
     1 | D        | Found a blossoming altar of Fedhas.
     1 | D        | Found the +6 Majin-Bo {spellvamp, MP+6 Int+6}
     1 | D        | Found the +27 heavy crossbow "Sniper" {heavy, Acc+∞ SInv}
     1 | D        | Found the +10 dark maul {heavy}
     1 | D        | Found the +15 Maxwell's patent armour {-Cast -Tele rElec
                  | Will+ rCorr}
     1 | D        | Found the +18 shield of the Gong {Loud rN+ Will+ rCorr
                  | EV-5}
     1 | D        | Found the +16 obsidian axe {drain, demonic, Mesm Drain Fly
                  | SInv}
     1 | D        | Found the +7 great mace "Firestarter" {flame, inner flame,
                  | rFlCloud rF++}
     1 | D        | Found the +6 shillelagh "Devastator" {shatter}
     1 | D        | Found the +11 plutonium sword {Contam Stlth-}
     1 | D        | Found the +8 lance "Wyrmbane" {slay drac, rPois rF+ rC+
                  | AC+3}
     1 | D        | Found the +9 sword of Zonguldrok {reap}
     1 | D        | Found the +13 scythe of Curses {drain, curses, Drain}
     1 | D        | Found the +9 sword of Power {lifebolt}
     1 | D        | Found the +7 mace of Variability {chaos, chain chaos}
     1 | D        | Found the +11 Singing Sword {sonic wave}
     1 | D        | Found the +8 storm bow {elec, penet}
     3 | D        | Found a transporter.
     3 | D        | Found an ancient bone altar of Kikubaaqudgha.
     3 | D        | Found a viscous altar of Jiyva.
     3 | D        | Found a corrupted altar of Lugonu.
     3 | D        | Found a hazy altar of Hepliaklqana.
     3 | D        | Found a burning altar of Makhleb.
     3 | D        | Found an opulent altar of Gozag.
    64 | D        | Became a worshipper of Gozag Ym Sagoz the Greedy
    76 | D        | Entered arena 2.
    76 | D        | Found a transporter.
    78 | D        | Reached skill level 1 in Dodging
    79 | D        | Reached XP level 2. HP: 13/17 MP: 2/2
    85 | D        | Got Sif Muna's Elucidation of Portals and the Crevasse
    99 | D        | Entered arena 3.
    99 | D        | Noticed a fire elemental
    99 | D        | Noticed a deep elf zephyrmancer
    99 | D        | Noticed an earth elemental
    99 | D        | Found a transporter.
   102 | D        | Killed a fire elemental
   102 | D        | Mangled by an earth elemental

Illustrated notes

Levels and vault maps discovered:
D:        sprint_v [room_start, room_1, room_2, room_3, room_4, room_5, room_6,
          room_7, room_8, room_9, room_10, room_11, room_12, room_13, room_14,
          room_15, room_16, room_17, room_18, room_19, room_20, room_21,
          room_22, room_23, room_24, room_25, room_26, room_27]

Skill      XL: |  1 |
---------------+----+-----
Dodging        | 1 |  1.6
Fighting       | 2 |  2.2
Armour         | 3 |  3.0
Stealth        | 2 |  2.4
Evocations     | 3 |  3.2

Action                     || total
---------------------------++-------
   Fire: Heavy crossbow    ||     4
    Use: Potion            ||     1
 Armour: Plate armour      ||     8
  Dodge: Dodged            ||     2

Table legend: (Time is in decaauts)
 A = Elapsed time spent in this place.
 B = Non-inter-level travel time spent in this place.
 C = Inter-level travel time spent in this place.
 D = Time resting spent in this place.
 E = Time spent auto-exploring this place.
 F = Levels seen in this place.
 G = Mean time per level.
                   A        B        C        D        E       F      G
               +--------+--------+--------+--------+--------+-----+--------+
         Total |    110 |    110 |      0 |     10 |      0 |   1 |  110.0 |
       Dungeon |    110 |    110 |      0 |     10 |      0 |   1 |  110.0 |
               +--------+--------+--------+--------+--------+-----+--------+

Top non-repeatable levels by time:
       D: 110 daAuts

Table legend:
 A = Kills in this place as a percentage of kills in entire the game.
 B = Kills by you in this place as a percentage of kills by you in the entire game.
 C = Kills by friends in this place as a percentage of kills by friends in the entire game.
 D = Other kills in this place as a percentage of other kills in the entire game.
 E = Experience gained in this place as a percentage of experience gained in the entire game.
 F = Experience gained in this place divided by the number of levels of this place that you have seen.
                   A       B       C       D       E      F
               +-------+-------+-------+-------+-------+----------------------
         Total | 100.0 | 100.0 |   N/A |   N/A | 100.0 | 204.0
       Dungeon | 100.0 | 100.0 |   N/A |   N/A | 100.0 | 204.0
               +-------+-------+-------+-------+-------+----------------------
